 Dungeon Crawl Stone Soup version 0.22.0-1-g6561e4c (webtiles) character file.

92 letownia2 the Insei (level 4, -1/32 HPs)
             Began as a Demonspawn Transmuter on Aug 12, 2018.
             Slain by a scorpion (9 damage)
             ... on level 4 of the Dungeon.
             The game lasted 00:07:55 (1187 turns).

letownia2 the Insei (Demonspawn Transmuter)         Turns: 1187, Time: 00:07:55

Health: -1/32      AC:  2    Str: 11    XL:     4   Next: 35%
Magic:  1/7        EV: 19    Int: 17    God:
Gold:   111        SH:  0    Dex: 18    Spells: 1/7 levels left

rFire    . . .     SeeInvis .     - Unarmed
rCold    . . .     Gourm    .   (shield currently unavailable)
rNeg     . . .     Faith    .   (armour currently unavailable)
rPois    x         Spirit   .   (helmet currently unavailable)
rElec    .         Reflect  .   (cloak currently unavailable)
rCorr    .         Harm     .   (gloves currently unavailable)
MR       .....                  (boots currently unavailable)
Stlth    ++........             (no amulet)
HPRegen  0.10/turn              r - +2 ring of intelligence
MPRegen  0.10/turn              (no ring)

@: spider-form (expiring)
A: tiny
a: End Transformation


You were on level 4 of the Dungeon.
You were not hungry.
You were a venomous arachnid creature.
You visited 1 branch of the dungeon, and saw 4 of its levels.

You collected 111 gold pieces.

Inventory:

Hand Weapons
 p - a +0 hunting sling
Missiles
 a - 61 arrows
Armour
 b - a +0 robe
 g - a +0 shield
 k - a +0 pair of boots of flying
 m - a +0 ring mail
 o - a +0 helmet
 q - a +0 scale mail
 w - a +0 hat
Jewellery
 r - a +2 ring of intelligence (left front leg)
Scrolls
 f - a scroll of magic mapping {unknown}
 h - 2 scrolls of teleportation {unknown}
 j - a scroll of identify {unknown}
 s - a scroll of random uselessness {unknown}
 t - a scroll of immolation {unknown}
 u - a scroll of blinking {unknown}
 v - a scroll of fear {unknown}
Potions
 c - a potion of haste {unknown}
 e - 3 potions of lignification {unknown}
 i - a potion of ambrosia {unknown}
 l - a potion of mutation {unknown}
 n - 2 potions of agility {unknown}
Comestibles
 d - 3 rations


   Skills:
 - Level 1.0 Fighting
 - Level 1.7 Dodging
 + Level 4.7 Unarmed Combat
 - Level 2.0 Spellcasting
 - Level 1.7 Transmutations


You had one spell level left.
You knew the following spells:

 Your Spells              Type           Power        Failure   Level  Hunger
a - Beastly Appendage     Tmut           #.....       24%         1    #......
l - Sticks to Snakes      Tmut           #.......     32%         2    ###....
p - Spider Form           Tmut/Pois      #.........   61%         3    ###....

Your spell library contained the following spells:

 Spells                   Type           Power        Failure   Level  Hunger
 Summon Small Mammal      Summ           #...         38%         1    #......
 Summon Ice Beast         Ice/Summ       #.......     96%         4    #####..
 Call Imp                 Summ           #.......     50%         2    ###....
 Blade Hands              Tmut           #.........   99%         5    ######.
 Ice Form                 Ice/Tmut       #.......     92%         4    #####..
 Call Canine Familiar     Summ           #.......     71%         3    ###....
 Summon Lightning Spire   Summ/Air       #.......     96%         4    #####..
 Summon Guardian Golem    Hex/Summ       #.......     71%         3    ###....


Dungeon Overview and Level Annotations

Branches:
Dungeon (4/15)
 Temple: D:4-7

Altars:
Elyvilon
Gozag
Xom
The Shining One

Shops:
D:4 :


Innate Abilities, Weirdness & Mutations

((You have a pair of small horns on your head.))
((Your movements are slightly less encumbered by armour. (ER -2)))


Message History

w - a hat You feel sick.
You are no longer poisoned.
Your adder withers and dies!
Casting: Sticks to Snakes (safe; 14% risk of failure)
Confirm with . or Enter, or press ? or * to list all spells.
You turn into a venomous arachnid creature.
You open the door.
Your magical contamination has completely faded away.
You barely miss the scorpion. The scorpion stings you!
* * * LOW HITPOINT WARNING * * *
You barely miss the scorpion. The scorpion completely misses you.
Unknown command.
You hit the scorpion but do no damage.
Your transformation is almost over.
The scorpion completely misses you.
Unknown command.
You hit the scorpion but do no damage.
The scorpion is poisoned.
The scorpion stings you!
You die...

#.#...............#
##.......#..#..#.#.# .
#.....P.....#....#.# ####.
#.....≈≈P...##.###.######..s
...#...P....##.............
. #'........#####.######.#
#_##..⌠....#####.######.#
###........s.....<).....#
..#....#...s###############
#.....†.'...................
#.##[.###....#####....####
+...... #....# #....# #
###.. #....# #....# #..
#..<.# #....# #. ##'###
#....# #..............
....#############


You could see a scorpion.

Vanquished Creatures
  A worker ant (D:4)
  An adder (D:2)
  An ooze (D:4)
  A worm (D:3)
  2 leopard geckos
  A giant cockroach (D:3)
  6 hobgoblins
  3 jackals (D:1)
  4 quokkas
  A ball python (D:1)
  4 bats
  4 frilled lizards
  8 goblins
  4 kobolds
  6 rats
47 creatures vanquished.

Notes
Turn   | Place    | Note
-------+----------+-------------------------------------------
     0 | D:1      | letownia2 the Demonspawn Transmuter began the quest for the Orb.
     0 | D:1      | Reached XP level 1. HP: 15/15 MP: 3/3
    73 | D:1      | Reached skill level 3 in Unarmed Combat
   136 | D:2      | Gained mutation: Your movements are slightly less encumbered by armour. (ER -2) [demonic ancestry]
   136 | D:2      | Reached XP level 2. HP: 12/21 MP: 3/5
   168 | D:2      | Found a faded altar of an unknown god.
   617 | D:2      | Mutation became permanent: You have a pair of small horns on your head. [demonic ancestry]
   617 | D:2      | Gained mutation: You have a pair of horns on your head. [demonic ancestry]
   617 | D:2      | Reached XP level 3. HP: 26/26 MP: 4/6
   659 | D:3      | Found an opulent altar of Gozag.
   693 | D:3      | Reached skill level 4 in Unarmed Combat
   696 | D:3      | Found a white marble altar of Elyvilon.
   792 | D:3      | Noticed an ogre
   804 | D:3      | Noticed a centaur
   896 | D:2      | Learned a level 2 spell: Sticks to Snakes
  1011 | D:4      | Found a glowing golden altar of the Shining One.
  1023 | D:4      | Learned a level 3 spell: Spider Form
  1028 | D:4      | Found Cueps's Book Boutique.
  1044 | D:4      | Found a shimmering altar of Xom.
  1122 | D:4      | Noticed a scorpion
  1147 | D:4      | Reached XP level 4. HP: 20/32 MP: 0/7
  1187 | D:4      | Slain by a scorpion

Skill      XL: |  1  2  3 |
---------------+----------+-----
Unarmed Combat | 3 4 |  4.7
Fighting       | |  1.0
Dodging        | |  1.7
Spellcasting   | |  2.0
Transmutations | |  1.7

Action                   |  1- 3 |  4- 6 || total
-------------------------+-------+-------++-------
Melee: Unarmed           |   164 |     4 ||   168
       Headbutt          |    22 |       ||    22
       Kick              |    10 |       ||    10
       Punch             |     2 |       ||     2
 Cast: Beastly Appendage |    27 |       ||    27
       Sticks to Snakes  |     1 |       ||     1
       Spider Form       |       |     1 ||     1
  Eat: Chunk             |     1 |     1 ||     2
Armor: Robe              |     1 |       ||     1
       Ring mail         |    36 |       ||    36
       Scale mail        |    26 |       ||    26
Dodge: Dodged            |   106 |     2 ||   108
